 Dungeon Sprint DCSS version 0.31-a0-875-g02e7d12df6 (webtiles) character file.

Game seed: 10108841169524245069

1078 AiryTheDragon the Frost Mage (level 8, 0/85 HPs)
             Began as a Demonspawn Ice Elementalist on Oct 12, 2023.
             Was an Initiate of Jiyva.
             Slain by a demonic crawler (12 damage)
             ... in the Dungeon (Sprint I: "Red Sonja").
             The game lasted 00:13:12 (513 turns).

AiryTheDragon the Frost Mage (DsIE)                  Turns: 513, Time: 00:13:14

Health: 0/85       AC: 24    Str: 10    XL:     8   Next: 8%
Magic:  2/16       EV:  2    Int: 17    God:    Jiyva [......]
Gold:   405        SH:  0    Dex: 14    Spells: 6/17 levels left

rFire   + . .        i - +0 scythe
rCold   . . .        (shield currently unavailable)
rNeg    . . .        h - melded +3 ring mail {rC+}
rPois   +            (helmet currently unavailable)
rElec   .            (cloak currently unavailable)
rCorr   .            (gloves currently unavailable)
SInv    .            (boots currently unavailable)
Will    .....        (no amulet)
Stlth   +++          k - ring of protection from fire
HPRegen 0.34/turn    (no ring)
MPRegen 0.15/turn

%: no teleportation
@: tree-form, freezing walls
A: stationary, stasis, torment immunity, boosted hp, ignite blood 2, powered by
death 1, (demonic touch 1)
a: Renounce Religion


You were in the Dungeon.
You worshipped Jiyva.
Jiyva was noncommittal.
You were a tree.
You visited 1 branch You collected 405 gold pieces.

Inventory:

Hand Weapons
 f - a +0 dagger
 i - a +0 scythe (weapon)
Armour
 a - a +0 robe
 h - a +3 ring mail of cold resistance (melded)
Jewellery
 k - a ring of protection from fire (left branch)
Wands
 e - a wand of paralysis (2)
Potions
 b - 3 potions of magic
 c - a potion of curing
 d - a potion of heal wounds


   Skills:
 + Level 2.5 Fighting
 + Level 2.4 Short Blades
 + Level 1.2 Polearms
 * Level 5.4 Armour
 + Level 3.8 Dodging
 + Level 6.6 Stealth
 + Level 2.3 Unarmed Combat
 + Level 5.3 Spellcasting
 * Level 4.7 Summonings
 + Level 9.9 Ice Magic
 * Level 6.4 Evocations


You had 6 spell levels left.
You knew the following spells:

 Your Spells              Type           Power      Damage    Failure   Level
a - Freeze                Ice            100%       1d10      1%          1
b - Summon Ice Beast      Ice/Summ       29%        N/A       7%          4
c - Frozen Ramparts       Ice            76%        1d12      1%          3
d - Ozocubu's Armour      Ice            38%        N/A       1%          3

Your spell library contained the following spells:

 Spells                   Type           Power      Damage    Failure   Level


Dungeon Overview and Level Annotations

Branches:
Dungeon (1/1)

Altars:
Cheibriados
Dithmenos
Fedhas
Gozag
Hepliaklqana
Kikubaaqudgha
Makhleb
Nemelex Xobeh
Okawaru
Qazlal
Ru
Sif Muna
Trog
Uskayaw
Vehumet
Wu Jian
Xom
Yredelemnul
Jiyva
Lugonu

Shops:
D [


Innate Abilities, Weirdness & Mutations

You are a tree.
Your roots penetrate the ground, keeping you stationary.
You cannot be teleported.
You are immune to unholy pain and torment.
Your maximum health is greatly increased.
Your equipment is partially melded.
Your demonic aura often causes spilled blood to erupt in flames.
You regenerate a little health from kills.
((Your touch may inflict minor irresistible damage on your foes.))


Message History

As you read the scroll labelled VUROTH UHAOD, it crumbles to dust.
It is a scroll of identify.
l - a potion of lignification Blink to where?
Press: ? - help, Dir - move target, p - demonic crawler
As you read the scroll of blinking, it crumbles to dust.
The demonic crawler gives a hideous shriek! x2
You turn into a tree.
Your +3 ring mail of cold resistance melds into your body.
You feel less resistant to cold.
Your roots penetrate the ground.
The demonic crawler hits you but does no damage. x2
The demonic crawler hits you.
You hear a distant slurping noise. x3
The demonic crawler hits you. The demonic crawler hits you!
The demonic crawler hits you but does no damage.
Okay, then.
Casting: Summon Ice Beast (dangerous; 7% risk of failure)
Confirm with . or Enter, or press ? or * to list all spells.
Casting: Frozen Ramparts (safe; 1% risk of failure)
Press: ? - help, Dir - look around, f - activate An open door.
The walls around you are covered in ice.
The wall freezes the demonic crawler.
The wall freezes the demonic crawler but does no damage.
The demonic crawler barely misses you. The demonic crawler hits you.
The demonic crawler hits you but does no damage.
You barely miss the demonic crawler.
The wall freezes the demonic crawler but does no damage.
The demonic crawler hits you but does no damage.
The demonic crawler hits you!
* * * LOW HITPOINT WARNING * * *
The demonic crawler hits you.
* * * LOW HITPOINT WARNING * * *
The wall freezes the demonic crawler.
The demonic crawler hits you.
* * * LOW HITPOINT WARNING * * *
The demonic crawler hits you but does no damage. x2
The wall freezes the demonic crawler but does no damage.
The demonic crawler hits you but does no damage. x2
The demonic crawler hits you!
You die...

##########################
#<.#..)..#..'..#__#....K5#
#..'..#..'..#..♣s.'..#.5.#
#..#####'#####s#s_####K.3sss#
#..####..#...#.#### ####s.+
#..#__####..##.# ##
#..#_____##'#_.'
#⌠⌠#_.∩...'..._#
####_..__##_.#s#
#_____###+#.# ####### ###


You could see 4 demonic crawlers.

Vanquished Creatures
  2 kobold demonologists (D)
  A slime creature (D)
  Sigmund (D)
  A yak (D)
  An ogre (D)
  A jelly (D)
  Ijyb (D)
8 creatures vanquished.

Vanquished Creatures (others)
  7 necrophages (D)
  8 jellies (D)
15 creatures vanquished.

Grand Total: 23 creatures vanquished

Notes
Turn   | Place    | Note
-------+----------+-------------------------------------------
     0 | D        | AiryTheDragon the Demonspawn Ice Elementalist began the
                  | quest for the Orb.
     0 | D        | Reached XP level 1. HP: 13/13 MP: 3/3
     3 | D        | Noticed Ijyb
    16 | D        | Killed Ijyb
    17 | D        | Reached skill level 5 in Ice Magic
    17 | D        | Gained mutation: Your demonic aura sometimes causes spilled
                  | blood to erupt in flames. [demonic ancestry]
    17 | D        | Reached XP level 2. HP: 13/19 MP: 0/5
    71 | D        | Noticed an ogre
    76 | D        | Killed an ogre
    77 | D        | Reached skill level 1 in Unarmed Combat
    77 | D        | Reached skill level 7 in Ice Magic
    77 | D        | Gained mutation: You regenerate a little health from kills.
                  | [demonic ancestry]
    77 | D        | Reached XP level 3. HP: 24/24 MP: 5/7
    77 | D        | Reached XP level 4. HP: 30/30 MP: 5/8
   114 | D        | Noticed Sigmund
   121 | D        | Killed Sigmund
   122 | D        | Reached skill level 1 in Short Blades
   122 | D        | Reached skill level 8 in Ice Magic
   122 | D        | Reached XP level 5. HP: 33/36 MP: 8/10
   135 | D        | Found an ornate altar of the Wu Jian Council.
   135 | D        | Found a shimmering blue altar of Sif Muna.
   137 | D        | Found a radiant altar of Vehumet.
   142 | D        | Gained mutation: Your demonic aura often causes spilled
                  | blood to erupt in flames. [demonic ancestry]
   142 | D        | Reached XP level 6. HP: 42/42 MP: 9/11
   167 | D        | Learned a level 4 spell: Summon Ice Beast
   171 | D        | Learned a level 3 spell: Frozen Ramparts
   175 | D        | Learned a level 3 spell: Ozocubu's Armour
   176 | D        | Found Foschon's Antique Armour Emporium.
   176 | D        | Found an ancient bone altar of Kikubaaqudgha.
   176 | D        | Found a hazy altar of Hepliaklqana.
   176 | D        | Found a hide-covered altar of Uskayaw.
   176 | D        | Found a basalt altar of Yredelemnul.
   176 | D        | Found an opulent altar of Gozag.
   176 | D        | Found a snail-covered altar of Cheibriados.
   176 | D        | Found a sacrificial altar of Ru.
   176 | D        | Found a shadowy altar of Dithmenos.
   176 | D        | Noticed a yak
   185 | D        | Killed a yak
   186 | D        | Reached skill level 1 in Fighting
   186 | D        | Reached skill level 5 in Stealth
   186 | D        | Reached skill level 9 in Ice Magic
   186 | D        | Found a stormy altar of Qazlal.
   186 | D        | Found a blossoming altar of Fedhas.
   186 | D        | Found a bloodstained altar of Trog.
   186 | D        | Found an iron altar of Okawaru.
   187 | D        | Found a sparkling altar of Nemelex Xobeh.
   263 | D        | Found a burning altar of Makhleb.
   263 | D        | Found a viscous altar of Jiyva.
   263 | D        | Found a shimmering altar of Xom.
   263 | D        | Found a corrupted altar of Lugonu.
   263 | D        | Noticed a slime creature
   270 | D        | Killed a slime creature
   271 | D        | Reached skill level 5 in Evocations
   271 | D        | Reached XP level 7. HP: 16/49 MP: 4/13
   388 | D        | Became a worshipper of Jiyva Jucuxt the Shapeless
   453 | D        | Noticed a kobold demonologist
   453 | D        | Noticed a kobold demonologist
   453 | D        | Noticed a demonic crawler
   453 | D        | Noticed a demonic crawler
   453 | D        | Noticed a demonic crawler
   453 | D        | Noticed a demonic crawler
   454 | D        | Noticed a sun demon
   483 | D        | Killed a kobold demonologist
   484 | D        | Reached skill level 1 in Polearms
   484 | D        | Reached skill level 5 in Armour
   484 | D        | Reached skill level 5 in Spellcasting
   484 | D        | Noticed a smoke demon
   485 | D        | Killed a kobold demonologist
   486 | D        | Gained mutation: Your touch may inflict minor irresistible
                  | damage on your foes. [demonic ancestry]
   486 | D        | Reached XP level 8. HP: 57/57 MP: 3/16
   513 | D        | Slain by a demonic crawler

Illustrated notes

Levels and vault maps discovered:
D:        dungeon_sprint_1 [red_sonja_temple_1, red_sonja_temple_small_1]

Skill      XL: |  1  2  3  4  5  6  7 |
---------------+----------------------+-----
Dodging        | 2 3 |  3.8
Stealth        | 2 3 4 5 6 |  6.6
Ice Magic      | 5 7 8 9 |  9.9
Unarmed Combat | 1 2 |  2.3
Spellcasting   | 3 4 5 |  5.3
Evocations     | 2 4 5 6 |  6.4
Short Blades   | 1 2 |  2.4
Armour         | 2 3 4 5 |  5.4
Fighting       | 1 2 |  2.5
Summonings     | 3 4 |  4.7
Polearms       | 1 |  1.2

Action                     |  1- 3 |  4- 6 |  7- 9 || total
---------------------------+-------+-------+-------++-------
  Melee: Unarmed           |     8 |       |       ||     8
         Dagger            |     3 |     3 |       ||     6
         Punch             |       |     1 |       ||     1
         Halberd           |       |     7 |    29 ||    36
   Cast: Freeze            |     2 |     6 |     2 ||    10
         Frozen Ramparts   |       |     2 |     3 ||     5
         Summon Ice Beast  |       |       |     1 ||     1
  Evoke: Wand              |     2 |     4 |     4 ||    10
    Use: Potion            |     2 |       |     1 ||     3
         Scroll            |       |       |     2 ||     2
   Stab: Paralysed         |     3 |     4 |    18 ||    25
 Armour: Robe              |     3 |       |       ||     3
         Ring mail         |       |    14 |    13 ||    27
         Skin              |       |       |    17 ||    17
  Dodge: Dodged            |     4 |     3 |    15 ||    22

Table legend: (Time is in decaauts)
 A = Elapsed time spent in this place.
 B = Non-inter-level travel time spent in this place.
 C = Inter-level travel time spent in this place.
 D = Time resting spent in this place.
 E = Time spent auto-exploring this place.
 F = Levels seen in this place.
 G = Mean time per level.
                   A        B        C        D        E       F      G
               +--------+--------+--------+--------+--------+-----+--------+
         Total |    519 |    519 |      0 |    289 |      0 |   1 |  519.0 |
       Dungeon |    519 |    519 |      0 |    289 |      0 |   1 |  519.0 |
               +--------+--------+--------+--------+--------+-----+--------+

Top non-repeatable levels by time:
       D: 519 daAuts
